 Dungeon Crawl Stone Soup version 0.18.1-48-g4cf74bf (webtiles) character file.

219 Dickchan the Changer (level 5, -5/40 HPs)
             Began as a Draconian Transmuter on July 21, 2016.
             Slain by an orc
             ... wielding a +4 war axe
              (12 damage)
             ... on level 1 of the Dungeon.
             The game lasted 00:10:42 (3844 turns).

Dickchan the Changer (Draconian Transmuter)         Turns: 3844, Time: 00:10:43

Health: -5/40      AC:  2    Str: 13    XL:     5   Next: 63%
Magic:  0/8        EV: 19    Int: 13    God:
Gold:   110        SH:  0    Dex: 17    Spells: 3 memorised, 0 levels left

rFire  . . .     SeeInvis .       - Unarmed
rCold  . . .     Gourm    .     (armour unavailable)
rNeg   . . .     Faith    .     (shield currently unavailable)
rPois  x         Spirit   .     (helmet currently unavailable)
rElec  .         Dismiss  .     (cloak currently unavailable)
rCorr  +         Reflect  .     (gloves currently unavailable)
SustAt .         Harm     .     (boots currently unavailable)
MR     .....                    (no amulet)
Stlth  ++........               (no ring)
                                s - ring of resist corrosion

@: spider-form (expiring), very slightly contaminated, not resistant to hostile
enchantments, unstealthy
A: unfitting armour, (cold-blooded), AC +5
a: End Transformation


You were on level 1 of the Dungeon.
You were very hungry.
You were a venomous arachnid creature.
You visited 1 branch of the dungeon, and saw 3 of its levels.

You collected 110 gold pieces.

Inventory:

Hand Weapons
 h - a +2 dagger of speed
Missiles
 a - 44 arrows
Armour
 g - a +0 hat (melded)
Jewellery
 s - a ring of resist corrosion (left front leg)
Scrolls
 d - 3 scrolls of fear {unknown}
 e - 2 scrolls of enchant armour {unknown}
 f - 4 scrolls of identify {unknown}
 k - a scroll of teleportation {unknown}
 m - 2 scrolls of remove curse {unknown}
 n - a scroll of immolation {unknown}
 p - 2 scrolls of enchant weapon {unknown}
 u - a scroll of random uselessness {unknown}
Potions
 i - a potion of lignification {unknown}
 j - 2 potions of heal wounds {unknown}
 l - 2 potions of curing {unknown}
 o - 3 potions of haste {unknown}
 q - a potion of degeneration {unknown}
 v - a potion of cancellation {unknown}
 z - a potion of beneficial mutation {unknown}
Books
 b - a book of Changes

   Spells                             Type                      Level
   a - Beastly Appendage              Transmutation                1
   b - Sticks to Snakes               Transmutation                2
   c - Spider Form                    Transmutation/Poison         3
   d - Ice Form                       Ice/Transmutation            4
   e - Blade Hands                    Transmutation                5
 r - an Akashic Record

   Spells                             Type                      Level
   a - Dispersal                      Translocation                6
   b - Malign Gateway                 Summoning/Translocation      7
   c - Disjunction                    Translocation                8
   d - Controlled Blink               Translocation                8
Comestibles
 c - 4 bread rations
 t - 3 fruits
 x - a meat ration


   Skills:
 - Level 1.1 Fighting
 - Level 1.7 Dodging
 - Level 3.0 Unarmed Combat
 - Level 2.0 Spellcasting
 + Level 6.0 Transmutations


You couldn't memorise any spells.
You knew the following spells:

 Your Spells              Type           Power        Failure   Level  Hunger
a - Beastly Appendage     Trmt           ###...       8%          1    ##.....
b - Spider Form           Trmt/Pois      #.........   41%         3    ####...
c - Ice Form              Ice/Trmt       #.......     89%         4    #####..


Dungeon Overview and Level Annotations

Branches:
Dungeon (3/15)

Altars:

Annotations:
D:3 GFox's ghost, amateur MiFi


Innate Abilities, Weirdness & Mutations

((Your plain brown scales are hard (AC +5).))
Your body does not fit into most forms of armour.
((You are cold-blooded and may be slowed by cold attacks.))


Message History

You are feeling very hungry.
An adder comes into view.
The adder bites you.
* * * LOW HITPOINT WARNING * * *
The adder bites you.
* * * LOW HITPOINT WARNING * * *
The adder closely misses you. The adder misses you.
The adder closely misses you.
Casting: Spider Form
Confirm with . or Enter, or press ? or * to list all spells.
You turn into a venomous arachnid creature.
Your +0 hat melds into your body.
The adder misses you.
You barely miss the adder. The adder misses you. The orc misses you.
You hit the adder.
The adder is poisoned.
The adder is lightly wounded.
Your transformation is almost over.
The adder bites you but does no damage.
The orc hits you with an enchanted war axe!
You die...

#.##.######.# #.....#
## #..†.....##.#
#.....# #
#.........#.# #.....#
#
#.........#+###..)..#
####
##+#####......#...(..#
#...
......##......#......#
#.##
......##......#......#
#.##
..............#oS....#
#.##
......######'##.s....#
#.## ......#
#.##......# #.##
####### #..'......#
#.## ####......# #..'
#......############
#.............# #
#.............####
#................#
#..........).....#


You could see an adder and an orc.

Vanquished Creatures
  An orc wizard (D:2)
  6 gnolls
  4 adders
  An ooze (D:1)
  2 worms (D:2)
  4 dart slugs
  2 giant geckos (D:1)
  4 orcs
  4 giant cockroaches
  4 goblins (D:1)
  10 hobgoblins
  13 jackals
  2 quokkas
  A ball python (D:1)
  4 bats
  5 giant newts
  6 kobolds
  4 rats (D:1)
77 creatures vanquished.

Notes
Turn   | Place    | Note
--------------------------------------------------------------
     0 | D:1      | Dickchan the Draconian Transmuter began the quest for the Orb.
     0 | D:1      | Reached XP level 1. HP: 16/16 MP: 3/3
   165 | D:1      | Reached XP level 2. HP: 20/23 MP: 5/5
   308 | D:1      | Reached skill level 3 in Transmutations
   737 | D:1      | Reached XP level 3. HP: 23/28 MP: 6/6
  1664 | D:1      | Learned a level 3 spell: Spider Form
  1672 | D:2      | Reached skill level 4 in Transmutations
  1701 | D:2      | Reached XP level 4. HP: 18/35 MP: 3/7
  2347 | D:2      | Reached skill level 5 in Transmutations
  2428 | D:3      | Reached XP level 5. HP: 27/40 MP: 4/8
  2445 | D:3      | Noticed GFox's ghost (amateur MiFi)
  2452 | D:3      | HP: 1/40 [GFox's ghost (5)]
  2804 | D:2      | Learned a level 4 spell: Ice Form
  3562 | D:2      | Reached skill level 6 in Transmutations
  3844 | D:1      | Slain by an orc

Skill      XL: |  1  2  3  4  5 |
---------------+----------------+-----
Transmutations | 3 4 5 6 |  6.0
Fighting       | |  1.1
Dodging        | |  1.7
Unarmed Combat | |  3.0
Spellcasting   | |  2.0

Action                   |  1- 3 |  4- 6 || total
-------------------------+-------+-------++-------
Melee: Unarmed           |   162 |   179 ||   341
       Tailslap          |    15 |    15 ||    30
       Punch             |       |     2 ||     2
 Cast: Spider Form       |     2 |    12 ||    14
 Stab: Sleeping          |     1 |       ||     1
  Eat: Chunk             |     3 |     8 ||    11
Armor: Skin              |    28 |    45 ||    73
Dodge: Dodged            |    92 |   174 ||   266
